 Dungeon Crawl Stone Soup version 0.17.0-28-g6e173f8 (webtiles) character file.

4253 root the Ducker (level 10, -4/76 HPs)
             Began as a Mummy Wizard on Nov 28, 2015.
             Was a Priest of Ashenzari.
             Slain by a minotaur
             ... wielding a cursed +9 lightning rod (1/12)
              (5 damage)
             ... in a labyrinth.
             The game lasted 02:25:21 (17082 turns).

root the Ducker (Mummy Wizard)                     Turns: 17082, Time: 02:25:22

Health: -4/76      AC:  5    Str: 12    XL:     10   Next: 10%
Magic:  0/14       EV: 18    Int: 20    God:    Ashenzari [***...]
Gold:   670        SH:  0    Dex: 12    Spells: 4 memorised, 7 levels left

rFire  x . .     SeeInvis +     s - +2 shortbow of True Grit {velocity, Str+2} (curse)
rCold  + . .     Clarity  .     a - +0 robe
rNeg   + + +     SustAt   +     (shield currently unavailable)
rPois  ∞         Gourm    .     b - +0 hat
rElec  .         Spirit   .     m - +0 cloak
rCorr  .         Warding  .     (no gloves)
rMut   .         Stasis   .     l - +1 pair of boots
MR     +....                    (no amulet)
Stlth  ++........               E - +3 ring of evasion
                                n - ring of sustain attributes

@: very slightly contaminated, somewhat resistant to hostile enchantments,
unstealthy
A: no food or potions, fire vulnerability, cold resistance 1, negative energy
resistance 3, torment resistance, unbreathing
a: Scrying, Renounce Religion


You were in a labyrinth.
You worshipped Ashenzari.
Ashenzari was most pleased with you.
You were not hungry.

You visited 2 branches of the dungeon, and saw 10 of its levels.
You also visited: Labyrinth.

You collected 670 gold pieces.

Inventory:

Hand Weapons
 s - the cursed +2 shortbow of True Grit (weapon) {velocity, Str+2}
   (You found it on level 4 of the Dungeon)

   Any arrow fired from it inflicts extra damage.
   It affects your strength (+2).
   It has a curse placed upon it.
Missiles
 t - 66 arrows (quivered)
 x - 37 arrows of flame
 y - 8 arrows of frost
 I - a throwing net
Armour
 a - a +0 robe (worn)
 b - a +0 hat (worn)
 l - a +1 pair of boots (worn)
 m - a +0 cloak (worn)
 F - a +0 mottled dragon armour
Jewellery
 k - an uncursed ring of poison resistance
 n - a ring of sustain attributes (left hand)
 o - an uncursed ring of loudness
 u - an uncursed ring of flight
 E - a +3 ring of evasion (right hand)
Wands
 h - a wand of random effects (33)
 z - a wand of digging (15)
 B - a wand of fireball (3)
 D - a wand of polymorph (11)
 H - a wand of disintegration (6)
 K - a wand of slowing (6)
Scrolls
 d - a scroll of magic mapping {unknown}
 e - 11 scrolls of identify {unknown}
 f - 3 scrolls of fear {unknown}
 g - 2 scrolls of enchant armour {unknown}
 i - 3 scrolls of teleportation {unknown}
 j - a scroll of immolation {unknown}
 p - 5 scrolls of remove curse
 q - 2 scrolls of random uselessness {unknown}
 r - a scroll of enchant weapon {unknown}
 C - 4 scrolls of blinking {unknown}
 G - a scroll of noise {unknown}
Books
 c - a book of Minor Magic

   Spells                             Type                      Level
   a - Magic Dart                     Conjuration                  1
   b - Blink                          Translocation                2
   c - Call Imp                       Summoning                    2
   d - Repel Missiles                 Charms/Air                   2
   e - Slow                           Hexes                        2
   f - Conjure Flame                  Conjuration/Fire             3
   g - Mephitic Cloud                 Conjuration/Poison/Air       3
 v - a book of Spatial Translocations

   Spells                             Type                      Level
   a - Apportation                    Translocation                1
   b - Blink                          Translocation                2
   c - Shroud of Golubria             Charms/Translocation         2
   d - Portal Projectile              Translocation                3
   e - Teleport Other                 Translocation                3
   f - Passage of Golubria            Translocation                4
 w - a book of Envenomations

   Spells                             Type                      Level
   a - Spider Form                    Transmutation/Poison         3
   b - Alistair's Intoxication        Transmutation/Poison         4
   c - Olgreb's Toxic Radiance        Poison                       4
   d - Poisonous Cloud                Conjuration/Poison/Air       6
 A - a book of Callings

   Spells                             Type                      Level
   a - Summon Small Mammal            Summoning                    1
   b - Call Imp                       Summoning                    2
   c - Call Canine Familiar           Summoning                    3
   d - Summon Guardian Golem          Hexes/Summoning              3
   e - Summon Lightning Spire         Summoning/Air                4
   f - Summon Ice Beast               Ice/Summoning                4
 J - a book of Summonings

   Spells                             Type                      Level
   a - Recall                         Summoning/Translocation      3
   b - Aura of Abjuration             Summoning                    5
   c - Shadow Creatures               Summoning                    5
   d - Summon Demon                   Summoning                    5
   e - Summon Forest                  Summoning/Translocation      5
   f - Summon Mana Viper              Hexes/Summoning              5


   Skills:
 + Level 6.0 Fighting
 + Level 4.7(8.4) Bows
 + Level 6.5 Dodging
 - Level 1.5 Stealth
 - Level 3.0 Spellcasting
 - Level 0.7 Conjurations
 + Level 6.2 Summonings
 - Level 0.7 Translocations
 + Level 4.3 Ice Magic


You had 7 spell levels left.
You knew the following spells:

 Your Spells              Type           Power        Failure   Level  Hunger
a - Magic Dart            Conj           #...         14%         1    N/A
b - Call Imp              Summ           ####....     1%          2    N/A
c - Summon Ice Beast      Ice/Summ       ###.....     17%         4    N/A
d - Apportation           Tloc           #.........   14%         1    N/A

Dungeon Overview and Level Annotations

Branches:
Dungeon (9/15)             Temple (0/1) D:5            Lair (1/8) D:9
    Orc (0/4) D:9

Altars:
Ashenzari
Dithmenos
Elyvilon
Fedhas
Kikubaaqudgha
Makhleb
Qazlal
Ru
Sif Muna
Trog
Vehumet
Yredelemnul
Zin

Shops:
D:6 *


Innate Abilities, Weirdness & Mutations

You do not eat or drink.
Your flesh is vulnerable to fire.
You are immune to poison.
Your flesh is cold resistant.
You are immune to negative energy.
You are immune to unholy pain and torment.
You can survive without breathing.


Message History

You shoot an arrow. The arrow barely misses the minotaur.
Firing (i - inventory. (,) - cycle):
t - 68 arrows (quivered)
Press: ? - help, Shift-Dir - straight line, f/p - minotaur
Aim: a minotaur, wielding a lightning rod (heavily wounded)
You shoot an arrow. The arrow hits the minotaur.
The minotaur is heavily wounded.
The minotaur zaps a rod.
The lightning misses you.
Firing (i - inventory. (,) - cycle):
t - 67 arrows (quivered)
Press: ? - help, Shift-Dir - straight line, f/p - minotaur
Aim: a minotaur, wielding a lightning rod (heavily wounded)
You shoot an arrow.
The arrow hits the minotaur but does no damage.
The minotaur is heavily wounded.
Casting: Summon Ice Beast
Confirm with . or Enter, or press ? or * to list all spells.
You miscast Summon Ice Beast.
Strange energies run through your body.
The minotaur hits you with a lightning rod!!!
* * * LOW HITPOINT WARNING * * *
The minotaur gores you.
You die...

. #, ...
....#.....# ,
, ## ##
.#.#.#####.###
* ,, , .
#,#.#...# *
######.#.### *
,, ,*,
.......#,,, *
* #.#.###.## #
* ....<(Y.#
...*,, *
,#####.#H###
###, * *
,#.#@..# * , ,
* * * #.#.# *,
, * , ..#... ,
* .### ###, *
* * ..*,,, *
** * .#,** * *
* * * * *,#. ,
, , * , # ** *
* * , ,*


You could see a minotaur and a friendly ice beast.

Vanquished Creatures
  Eustachio (D:5)
  3 yaks (D:9)
  An ice beast (D:7)
  3 ogres
  2 phantoms
  An orc warrior (D:4)
  2 centaurs
  2 giant frogs
  A scorpion (D:6)
  4 killer bees (D:9)
  4 wights
  2 crimson imps
  7 orc wizards
  3 gnoll shamans (D:7)
  A giant frog skeleton (D:4)
  A hound (D:6)
  An orc priest (D:8)
  7 gnolls (D:7)
  An adder (D:8)
  An ooze (D:3)
  An adder skeleton (D:8)
  A worm (D:5)
  2 giant geckos
  6 orcs
  2 giant cockroaches
  6 hobgoblins
  6 kobolds
  4 ball pythons
  11 bats
  2 giant newts
  5 goblins
  5 quokkas
  9 rats
108 creatures vanquished.

Vanquished Creatures (collateral kills)
  A deep elf fighter (D:9)
  A hippogriff (D:8)
  2 orc warriors
  A black bear (D:9)
  3 eyes of draining (D:4)
  A phantom (D:7)
  3 ice beasts (D:9)
  5 ogres
  A centaur (D:7)
  A gnoll sergeant (D:7)
  4 giant frogs
  2 scorpions
  5 killer bees
  6 wights
  8 crimson imps
  A quasit (D:6)
  10 hounds
  Crazy Yiuf (D:5)
  Ijyb (D:2)
  5 orc priests
  5 orc wizards
  An iguana (D:7)
  3 worker ants
  A hound zombie (D:6)
  A worker ant zombie (D:5)
  2 river rats (D:9)
  10 gnolls
  12 adders
  4 adder skeletons
  2 oozes
  4 giant geckos
  23 orcs
  11 bats
  4 goblins
  13 hobgoblins
  29 jackals
  2 quokkas (D:4)
  4 giant cockroaches
  A giant newt (D:3)
  A jackal zombie (D:6)
  12 kobolds
  9 rats
  2 plants (D:7)
218 creatures vanquished.

Vanquished Creatures (others)
  3 fungi (D:9)
  A plant (D:7)
4 creatures vanquished.

Grand Total: 330 creatures vanquished

Notes
Turn   | Place    | Note
--------------------------------------------------------------
     0 | D:1      | root the Mummy Wizard began the quest for the Orb.
     0 | D:1      | Reached XP level 1. HP: 13/13 MP: 4/4
   432 | D:1      | Reached skill level 1 in Fighting
   432 | D:1      | Reached XP level 2. HP: 19/21 MP: 1/6
   438 | D:1      | Learned a level 2 spell: Call Imp
   691 | D:1      | Reached skill level 1 in Summonings
  1177 | D:1      | Reached XP level 3. HP: 16/26 MP: 2/7
  1878 | D:2      | Noticed Ijyb
  1896 | D:2      | Killed Ijyb
  2380 | D:2      | Reached XP level 4. HP: 32/32 MP: 0/8
  4227 | D:3      | Found a radiant altar of Vehumet.
  4227 | D:3      | Found a basalt altar of Yredelemnul.
  4227 | D:3      | Found a white marble altar of Elyvilon.
  4239 | D:3      | Found an ancient bone altar of Kikubaaqudgha.
  4243 | D:3      | Found a sacrificial altar of Ru.
  4295 | D:3      | Reached XP level 5. HP: 28/37 MP: 3/9
  4530 | D:3      | Found a shattered altar of Ashenzari.
  4538 | D:3      | Became a worshipper of Ashenzari the Shackled
  5372 | D:4      | Noticed an eye of draining
  5392 | D:4      | Noticed an eye of draining
  5393 | D:4      | Noticed an eye of draining
  5398 | D:4      | Killed an eye of draining
  5398 | D:4      | Reached skill level 4 in Dodging
  5398 | D:4      | Reached XP level 6. HP: 43/43 MP: 0/10
  5403 | D:4      | Found a bloodstained altar of Trog.
  5411 | D:4      | Killed an eye of draining
  5417 | D:4      | Killed an eye of draining
  5567 | D:4      | Got the cursed shortbow of True Grit {velocity, Str+2}
  5742 | D:4      | Identified the cursed +2 shortbow of True Grit {velocity, Str+2} (You found it on level 4 of the Dungeon)
  5757 | D:4      | Noticed an ogre
  5771 | D:4      | Killed an ogre
  5815 | D:4      | Noticed a phantom
  5925 | D:4      | Reached skill level 1 in Bows
  5925 | D:4      | Reached XP level 7. HP: 37/48 MP: 3/11
  6124 | D:4      | Killed a phantom
  6341 | D:4      | Found a burning altar of Makhleb.
  6718 | D:5      | Entered Level 5 of the Dungeon
  6960 | D:5      | Found a staircase to the Ecumenical Temple.
  7087 | D:5      | Reached * piety under Ashenzari
  7551 | D:5      | Learned a level 4 spell: Summon Ice Beast
  7573 | D:5      | Noticed Eustachio
  7626 | D:5      | Killed Eustachio
  7849 | D:5      | Identified the cursed +1 mace "Kycidwui" {flame, +Blink rC- Str+8 Dex+3}
  7849 | D:5      | Noticed Crazy Yiuf
  7869 | D:5      | Killed Crazy Yiuf
  8071 | D:6      | Reached skill level 5 in Dodging
  8146 | D:6      | Reached skill level 1 in Ice Magic
  8293 | D:6      | Found Zin's Purification Station.
  8296 | D:6      | Found a glowing silver altar of Zin.
  8384 | D:6      | Reached XP level 8. HP: 49/58 MP: 2/12
  8644 | D:6      | Reached ** piety under Ashenzari
  9529 | D:7      | Reached skill level 5 in Summonings
 10427 | D:7      | Reached XP level 9. HP: 53/66 MP: 8/13
 10924 | D:7      | Reached skill level 5 in Fighting
 10926 | D:7      | HP: 3/68 [gnoll/spear (10)]
 11298 | D:7      | Found a stormy altar of Qazlal.
 11497 | D:7      | Found a deep blue altar of Sif Muna.
 12462 | D:8      | Reached skill level 6 in Dodging
 14222 | D:9      | Learned a level 1 spell: Apportation
 14581 | D:9      | Found a staircase to the Orcish Mines.
 14673 | D:9      | Found Weguipp's Jewellery Shoppe.
 14771 | D:9      | Found a shadowy altar of Dithmenos.
 15114 | D:9      | Found a white marble altar of Elyvilon.
 15121 | D:9      | Reached *** piety under Ashenzari
 15341 | D:9      | Reached XP level 10. HP: 76/76 MP: 6/14
 15710 | D:9      | Found a blossoming altar of Fedhas.
 15986 | D:9      | Found a staircase to the Lair.
 16119 | Lair:1   | Entered Level 1 of the Lair of Beasts
 16193 | Lair:1   | Found a labyrinth entrance.
 16203 | Lab      | Entered a labyrinth
 17066 | Lab      | Noticed a minotaur
 17082 | Lab      | HP: 1/76 [minotaur/lightning rod (36)]
 17082 | Lab      | Slain by a minotaur

Action                   |  1- 3 |  4- 6 |  7- 9 | 10-12 || total
-------------------------+-------+-------+-------+-------++-------
Melee: Unarmed           |    46 |    87 |       |       ||   133
       Shortbow          |       |       |    78 |     6 ||    84
 Fire: Shortbow          |       |    10 |   310 |    14 ||   334
 Cast: Magic Dart        |    58 |    51 |    43 |       ||   152
       Call Imp          |    30 |    72 |   187 |     1 ||   290
       Summon Ice Beast  |       |       |    40 |    14 ||    54
  Use: Scroll            |       |     1 |       |       ||     1
 Stab: Distracted        |     1 |       |       |       ||     1
